 Dungeon Crawl Stone Soup version 0.21-a0-509-gecc5317 (webtiles) character file.

15 tof the Skirmisher (level 2, 0/24 HPs)
             Began as a Demonspawn Monk on Nov 30, 2017.
             Slain by a worm (12 damage)
             ... on level 2 of the Dungeon.
             The game lasted 00:00:43 (847 turns).

tof the Skirmisher (Demonspawn Monk)                 Turns: 847, Time: 00:00:44

Health: 0/24       AC:  2    Str: 11    XL:     2   Next: 34%
Magic:  2/2        EV: 13    Int: 11    God:
Gold:   33         SH:  0    Dex: 15    Spells: 1/1 levels left

rFire    . . .     SeeInvis .   a - +0 falchion
rCold    . . .     Gourm    .   (no shield)
rNeg     . . .     Faith    .   b - +0 robe
rPois    .         Spirit   .   (no helmet)
rElec    .         Reflect  .   (no cloak)
rCorr    .         Harm     .   (no gloves)
MR       .....                  (no boots)
Stlth    ++........             (no amulet)
HPRegen  0.08/turn              (no ring)
MPRegen  0.08/turn              (no ring)

@: no status effects
A: claws 1
a: no special abilities


You were on level 2 of the Dungeon.
You were not hungry.

You visited 1 branch of the dungeon, and saw 2 of its levels.

You collected 33 gold pieces.

Inventory:

Hand Weapons
 a - a +0 falchion (weapon)
Armour
 b - a +0 robe (worn)
Scrolls
 d - 3 scrolls of identify {unknown}
 h - a scroll of teleportation {unknown}
 i - a scroll of enchant armour {unknown}
 l - a scroll of magic mapping {unknown}
Potions
 e - a potion of curing {unknown}
 f - a potion of might {unknown}
 m - a potion of ambrosia {unknown}
Comestibles
 c - 2 bread rations
 j - a royal jelly
 k - a meat ration


   Skills:
 + Level 3.1 Fighting
 * Level 3.0 Long Blades
 + Level 0.6 Armour
 + Level 2.8 Dodging
 - Level 1.7 Stealth


You had one spell level left.
You didn't know any spells.

Dungeon Overview and Level Annotations

Branches:
Dungeon (2/15)

Altars:


Innate Abilities, Weirdness & Mutations

You have sharp fingernails.


Message History

You are too injured to fight recklessly!
A worm is nearby!
You are too injured to fight recklessly!
A worm is nearby!
You are too injured to fight recklessly!
A worm is nearby!
You are too injured to fight recklessly!
You barely miss the worm.
All of the chunks of flesh in your inventory have rotted away.
You hit the worm.
The worm is lightly wounded.
The worm bites you.
You barely miss the worm.
The worm is lightly wounded.
The worm barely misses you.
You hit the worm.
The worm is moderately wounded.
The worm bites you!
Ouch! That really hurt!
You die...

#.# #.### #.#..
#.#.# # #.#.#
... #.#.#
.....####.#.#
#.w@....# ...
#.###.#.# ....
#(###.###
....##...#.#
.#.##.......#.#
..........>.#.#
#..........#.#
....##.....#.#
...#.#...#.#


You could see a worm.

Vanquished Creatures
  2 leopard geckos (D:1)
  2 goblins (D:1)
  A hobgoblin (D:1)
  2 bats (D:1)
  2 frilled lizards (D:1)
  2 kobolds
  2 rats
13 creatures vanquished.

Notes
Turn   | Place    | Note
-------+----------+-------------------------------------------
     0 | D:1      | tof the Demonspawn Monk began the quest for the Orb.
     0 | D:1      | Reached XP level 1. HP: 18/18 MP: 1/1
   252 | D:1      | Gained mutation: You have sharp fingernails. [demonic ancestry]
   252 | D:1      | Reached XP level 2. HP: 21/24 MP: 2/2
   847 | D:2      | Slain by a worm

Vault maps used:
D:1:      lightli_arrival_chessboard, serial_forest,
          infiniplex_forest_straight_2, infiniplex_forest_clump_cross,
          infiniplex_forest_clump_cross, infiniplex_forest_clump_long,
          infiniplex_forest_clump_C, infiniplex_forest_lined_room_,
          infiniplex_forest_end_2, infiniplex_forest_corner_1
D:2:      lemuel_round_altar, roderic_malta_cross, uniq_natasha

Skill      XL: |  1  2 |
---------------+-------+-----
Long Blades    | 3 |  3.0
Fighting       | |  3.1
Armour         | |  0.6
Dodging        | |  2.8
Stealth        | |  1.7

Action                   || total
-------------------------++-------
Melee: Falchion          ||    39
 Stab: Sleeping          ||     3
Armor: Robe              ||    14
Dodge: Dodged            ||    40
       Rpst.: Falchion   ||    11

Table legend:
 A = Spawn XP
 B = Non-spawn XP
 C = Spawn XP percentage of total XP
 D = Spawn monster count
 E = Non-spawn monster count
 F = Spawn count percentage of total count
 G = Total turns spent on level
                    A         B        C        D         E        F      G
               +---------+---------+-------+---------+---------+-------+---------
         Total |       0 |      22 |   0.0 |       0 |      13 |   0.0 |   847
               +---------+---------+-------+---------+---------+-------+---------
           D:1 |       0 |      19 |   0.0 |       0 |      11 |   0.0 |   790
           D:2 |       0 |       3 |   0.0 |       0 |       2 |   0.0 |    57
               +---------+---------+-------+---------+---------+-------+---------
